 Dungeon Crawl Stone Soup version 0.30.1 (webtiles) character file.

Game seed: 8336455790071646191

23031 Graphine the Unseen (level 13, -5/82 HPs)
             Began as a Kobold Brigand on July 4, 2023.
             Was an Initiate of Gozag.
             Slain by a bog body (10 damage)
             ... on level 2 of the Lair of Beasts.
             The game lasted 00:27:24 (15389 turns).

Graphine the Unseen (Kobold Brigand)               Turns: 15389, Time: 00:27:25

Health: -5/82      AC:  6    Str:  9    XL:     13   Next: 32%
Magic:  13/13      EV: 40    Int: 15    God:    Gozag
Gold:   264        SH:  6    Dex: 21    Spells: 12/12 levels left

rFire   . . .        z - +1 dagger (drain)
rCold   . . .        y - +0 buckler of Misanthropy {Fly rElec Int+3}
rNeg    . . .        b - +0 robe
rPois   .            k - +0 helmet
rElec   +            J - +1 cloak {rCorr}
rCorr   +            v - +0 pair of gloves
SInv    +            (no boots)
Will    +....        i - amulet of the acrobat
Stlth   ++++++++     h - ring of see invisible
HPRegen 0.33/turn    l - ring of willpower
MPRegen 0.13/turn

%: acrobat
@: acrobatic, flying
A: small, no large weapons, nightstalker 3
a: Renounce Religion, Potion Petition, Call Merchant, Bribe Branch


You were on level 2 of the Lair of Beasts.
You worshipped Gozag.
Gozag was aware of your devotion.
You visited 3 branches of the dungeon, and saw 13 of its levels.
You also visited: Ossuary.

You collected 2208 gold pieces.
You spent 616 gold pieces at shops.
You paid 1328 gold pieces to Gozag.

Inventory:

Hand Weapons
 a - a +2 vampiric dagger
 z - a +1 dagger of draining (weapon)
 C - a +0 dagger of holy wrath
 I - a +4 dagger of distortion
Missiles
 d - 53 poisoned darts (quivered)
 e - 4 curare-tipped darts
Armour
 b - a +0 robe (worn)
 k - a +0 helmet (worn)
 v - a +0 pair of gloves (worn)
 y - the +0 buckler of Misanthropy (worn) {Fly rElec Int+3}
   (You bought it in a shop on level 5 of the Dungeon)

   Int:       It affects your intelligence (+3).
   rElec:     It insulates you from electricity.
   Fly:       It grants you flight.
 J - a +1 cloak of preservation (worn)
Jewellery
 h - a ring of see invisible (left hand)
 i - an amulet of the acrobat (around neck)
 l - a ring of willpower (right hand)
 t - an amulet of guardian spirit
 G - a ring of ice
Wands
 D - a wand of charming (10)
 H - a wand of iceblast (4)
Scrolls
 g - 5 scrolls of brand weapon
 j - a scroll of identify
 m - 2 scrolls of blinking
 p - 3 scrolls of poison
 u - 3 scrolls of teleportation
Potions
 c - 3 potions of curing
 f - a potion of ambrosia
 n - 2 potions of brilliance
 o - 5 potions of attraction
 q - 4 potions of mutation
 r - 2 potions of lignification
 s - a potion of might
 x - a potion of haste {unknown}
 A - 2 potions of cancellation
 E - a potion of flight
 F - a potion of berserk rage
Miscellaneous
 w - a piece from Xom's chessboard (15/15)


   Skills:
 + Level 9.8 Fighting
 - Level 10.0 Short Blades
 - Level 2.2 Throwing
 - Level 14.0 Dodging
 * Level 17.7 Stealth
 - Level 5.0 Shields
 * Level 3.9 Evocations


You had 12 spell levels left.
You didn't know any spells.
Your spell library contained the following spells:

 Spells                   Type           Power      Damage    Failure   Level
 Apportation              Tloc           0%         N/A       36%         1
 Freeze                   Ice            0%         1d3       36%         1
 Necrotise                Necr           0%         1d4       36%         1
 Summon Small Mammal      Summ           0%         N/A       36%         1
 Cigotuvi's Dreadful Rot  Necr/Pois/Air  0%         N/A       52%         2
 Ensorcelled Hibernation  Hex/Ice        0%         N/A       52%         2
 Dazzling Flash           Conj/Hex       0%         N/A       75%         3
 Frozen Ramparts          Ice            0%         1d1       75%         3
 Hailstorm                Conj/Ice       0%         3d3       75%         3
 Ignite Poison            Fire/Tmut/Pois 0%         N/A       75%         3
 Spider Form              Tmut/Pois      0%         N/A       75%         3
 Summon Guardian Golem    Hex/Summ       0%         N/A       75%         3
 Volatile Blastmotes      Fire/Tloc      0%         2d10      75%         3
 Anguish                  Hex/Necr       0%         N/A       98%         4
 Fulminant Prism          Conj/Hex       0%         3d5       98%         4
 Iskenderun's Mystic Bla  Conj/Tloc      0%         2d3       98%         4
 Freezing Cloud           Conj/Ice/Air   0%         6-21      100%        5
 Lee's Rapid Deconstruct  Erth           0%         3d4*      100%        5
 Starburst                Conj/Fire      0%         6d3       100%        6
 Orb of Destruction       Conj           0%         9d5       100%        7
 Spellforged Servitor     Conj/Summ      0%         N/A       100%        7


Dungeon Overview and Level Annotations

Branches:
Dungeon (10/15)            Temple (1/1) D:7            Lair (2/5) D:10
 Spider (0/4) Lair:2      Ossuary (visited)
  Swamp: Lair:2-3    Shoals: Lair:2-3       Orc: D:9-12

Altars:
Ashenzari
Cheibriados
Dithmenos
Elyvilon
Fedhas
Gozag
Hepliaklqana
Kikubaaqudgha
Makhleb
Nemelex Xobeh
Okawaru
Qazlal
Ru
Sif Muna
Trog
Uskayaw
Vehumet
Wu Jian
Xom
Yredelemnul
Zin
The Shining One

Shops:
D:1 :   D:5 *   Lair:1 (   Lair:2 =


Innate Abilities, Weirdness & Mutations

You are small and have problems with some larger weapons.
You are completely attuned to the shadows.


Message History

You closely miss the bog body.
The bog body is moderately damaged.
Unknown command.
Hit: z) +1 dagger (drain)
Press: ? - help, Dir - move target, f/p - bog body
Aim: a bog body (moderately damaged, about 24% to evade your +1 dagger of draining)
You barely miss the bog body.
The bog body is moderately damaged.
You block the bog body's attack.
Hit: z) +1 dagger (drain)
Press: ? - help, Dir - move target, f/p - bog body
Aim: a bog body (moderately damaged, about 24% to evade your +1 dagger of draining)
You barely miss the bog body.
The bog body is moderately damaged.
Unknown command.
Hit: z) +1 dagger (drain)
Press: ? - help, Dir - move target, f/p - bog body
Aim: a bog body (moderately damaged, about 24% to evade your +1 dagger of draining)
You hit the bog body.
The bog body is moderately damaged.
Unknown command.
Hit: z) +1 dagger (drain)
Press: ? - help, Dir - move target, f/p - bog body
Aim: a bog body (moderately damaged, about 24% to evade your +1 dagger of draining)
You closely miss the bog body.
The bog body is moderately damaged.
Unknown command.
Hit: z) +1 dagger (drain)
Press: ? - help, Dir - move target, f/p - bog body
Aim: a bog body (moderately damaged, about 24% to evade your +1 dagger of draining)
You hit the bog body.
The bog body is moderately damaged.
The bog body touches you! The bog body freezes you!!
* * * LOW HITPOINT WARNING * * *
The bog body touches you but does no damage.
The bog body attacks as you move away! The bog body touches you!
* * * LOW HITPOINT WARNING * * *
The bog body freezes you!
You die...
Your body crumbles into a pile of gold.

...#...............
.....#.#............
.......#........>...
..........###.#.....
...⌠⌠....## ###)##..
.♣..♣...## ##.....
♣..♣....# #.#....
♣♣..♣♣...####.#####
♣~@♣≈♣...#.##...#
♣n..≈♣.#........#
♣~.♣~♣.....##P###
♣≈$.~♣.♣....###
♣♣..~♣♣....##
~..~♣♣.....## ###
w..≈♣♣......###.##
♣............
♣....P..#....


You could see a bog body.

Vanquished Creatures
  A hydra (Lair:2)
  Fannar (D:10)
  2 two-headed ogres
  Nergalle (D:10)
  Pikel (D:8)
  2 black mambas
  Maurice (D:10)
  6 elephants (Lair:1)
  A torpor snail (Lair:1)
  4 cane toads
  Maggie (D:10)
  A komodo dragon (Lair:1)
  3 trolls
  2 hornets
  A tarantella (shapeshifter) (D:10)
  A jumping spider (Lair:2)
  A shadow (D:10)
  A wyvern (D:8)
  37 yaks
  Eustachio (D:6)
  A redback (Lair:2)
  Menkaure (D:6)
  A swamp worm (Lair:2)
  7 water moccasins
  Duvessa (D:6)
  3 orc warriors
  6 sky beasts
  5 ice beasts
  3 black bears
  5 ogres
  6 wolves
  6 centaurs
  2 lemures (D:8)
  A phantom (D:5)
  3 kobold brigands
  An elf zombie (Ossuary)
  Blork the orc (D:5)
  14 bullfrogs
  A gnoll sergeant (D:9)
  5 scorpions
  8 wights
  Dowan (D:6)
  2 howler monkeys
  4 electric eels (D:10)
  A centaur zombie (Ossuary)
  4 orc priests
  4 hounds
  2 gnoll boudas
  2 sleepcaps (D:6)
  3 iguanas
  6 orc wizards
  2 mummies (Ossuary)
  6 adders
  17 gnolls
  2 shadow imps
  4 white imps
  An adder zombie (Ossuary)
  2 worms
  5 dart slugs
  20 orcs
  6 endoplasms
  7 giant cockroaches
  12 goblins
  9 hobgoblins
  17 kobolds
  2 quokkas
  4 ball pythons
  7 bats
  5 frilled lizards
  2 goblin zombies (Ossuary)
  14 hobgoblin zombies (Ossuary)
  11 kobold zombies (Ossuary)
  6 orc zombies (Ossuary)
  6 rats
  A rat zombie (Ossuary)
347 creatures vanquished.

Notes
Turn   | Place    | Note
-------+----------+-------------------------------------------
     0 | D:1      | Graphine the Kobold Brigand began the quest for the Orb.
     0 | D:1      | Reached XP level 1. HP: 12/12 MP: 1/1
    90 | D:1      | Reached XP level 2. HP: 13/17 MP: 2/2
   268 | D:1      | Reached XP level 3. HP: 11/22 MP: 3/3
   340 | D:1      | You fall into a shaft and drop 1 floor!
   442 | D:2      | Identified the +2 spear of Graphine's Slow Death {protect,
                  | Dex+2 Stlth+}
   449 | D:2      | Found a burning altar of Makhleb.
   553 | D:1      | Found Vocaq's Book Shop.
  1058 | D:2      | Reached skill level 6 in Stealth
  1058 | D:2      | Reached XP level 4. HP: 27/27 MP: 4/4
  1446 | D:2      | Found a faded altar of an unknown god.
  2275 | D:3      | Reached XP level 5. HP: 32/32 MP: 5/5
  3038 | D:4      | Reached XP level 6. HP: 32/37 MP: 6/6
  3053 | D:4      | Reached skill level 7 in Stealth
  3366 | D:4      | Reached skill level 5 in Short Blades
  3394 | D:4      | Noticed an ogre
  3395 | D:4      | Noticed an ice beast
  3398 | D:4      | Killed an ogre
  3399 | D:4      | Reached XP level 7. HP: 27/41 MP: 7/7
  3536 | D:4      | Reached skill level 5 in Dodging
  3536 | D:4      | Reached skill level 8 in Stealth
  4107 | D:5      | Entered Level 5 of the Dungeon
  4115 | D:5      | Reached XP level 8. HP: 48/48 MP: 8/8
  4156 | D:5      | Noticed Blork the orc
  4160 | D:5      | Killed Blork the orc
  4374 | D:5      | Reached skill level 9 in Stealth
  4583 | D:5      | Found Ea-nāṣir's Fine Metal Goods.
  4913 | D:5      | Bought a steaming buckler for 266 gold pieces
  4913 | D:5      | Identified the +0 buckler of Misanthropy {Fly rElec Int+3}
                  | (You bought it in a shop on level 5 of the Dungeon)
  5083 | D:5      | Reached XP level 9. HP: 53/53 MP: 9/9
  5697 | D:6      | Found a sand-covered staircase.
  5703 | Ossuary  | Entered an ossuary
  6127 | D:6      | Reached skill level 5 in Fighting
  6139 | D:6      | Reached skill level 1 in Shields
  6146 | D:6      | Reached skill level 10 in Stealth
  6411 | D:6      | Noticed Eustachio
  6432 | D:6      | Killed Eustachio
  6549 | D:6      | Noticed Dowan
  6550 | D:6      | Noticed Duvessa
  6574 | D:6      | Killed Duvessa
  6591 | D:6      | Killed Dowan
  6699 | D:6      | Noticed Menkaure
  6708 | D:6      | Killed Menkaure
  7098 | D:6      | Reached skill level 11 in Stealth
  7098 | D:6      | Reached XP level 10. HP: 60/60 MP: 10/10
  7923 | D:7      | Reached skill level 10 in Short Blades
  7938 | D:7      | Found a staircase to the Ecumenical Temple.
  7944 | Temple   | Entered the Ecumenical Temple
  8036 | Temple   | Became a worshipper of Gozag Ym Sagoz the Greedy
  8246 | D:7      | Reached skill level 12 in Stealth
  8827 | D:8      | Identified the +6 battleaxe of the Dragonfly {spect, rPois
                  | rC+}
  9157 | D:8      | Noticed Pikel
  9163 | D:8      | Killed Pikel
  9164 | D:8      | Reached skill level 10 in Dodging
  9164 | D:8      | Reached skill level 13 in Stealth
  9164 | D:8      | Reached XP level 11. HP: 66/66 MP: 11/11
  9371 | D:8      | Found a sparkling altar of Nemelex Xobeh.
  9912 | D:9      | Noticed a two-headed ogre
  9926 | D:9      | Killed a two-headed ogre
 10557 | D:10     | Entered Level 10 of the Dungeon
 10912 | D:10     | Found a staircase to the Lair.
 10982 | D:10     | Reached skill level 14 in Stealth
 11055 | D:10     | Noticed a two-headed ogre
 11100 | D:10     | Killed a two-headed ogre
 11157 | D:10     | Noticed Fannar
 11169 | D:10     | Noticed Maurice
 11172 | D:10     | Killed Fannar
 11174 | D:10     | Killed Maurice
 11836 | D:10     | Noticed Nergalle
 11840 | D:10     | Killed Nergalle
 11841 | D:10     | Reached XP level 12. HP: 73/73 MP: 12/12
 11860 | D:10     | Noticed Maggie
 11901 | D:10     | Killed Maggie
 11902 | D:10     | Reached skill level 15 in Stealth
 12410 | Lair:1   | Entered Level 1 of the Lair of Beasts
 12433 | Lair:1   | Reached skill level 5 in Shields
 12943 | Lair:1   | Reached skill level 16 in Stealth
 13768 | Lair:1   | Reached XP level 13. HP: 80/80 MP: 13/13
 13906 | Lair:1   | Reached skill level 17 in Stealth
 14042 | Lair:1   | Identified the +2 scale mail of Lugonu's Benevolence
                  | {+Blink Int+2 SInv}
 14548 | Lair:2   | Reached skill level 1 in Evocations
 14687 | Lair:2   | Noticed a six-headed hydra
 14691 | Lair:2   | Killed a six-headed hydra
 14726 | Lair:2   | Bought a ring of willpower for 350 gold pieces
 15163 | Lair:2   | Found a hole to the Spider Nest.
 15389 | Lair:2   | Slain by a bog body

Illustrated notes

Levels and vault maps discovered:
D:1:      lemuel_arrival_hallway, layout_basic, serial_shops, shop,
          chequers_serial_rivers_micro_d
D:2:      layout_basic, basic_altar, shapermc_ecumenical_altar_mp_ritualfount
D:3:      layout_loops_ring, kennysheep_path_1, corexii_shack
D:4:      layout_cave_pods
D:5:      layout_layer_cave, nicolae_ea-nasir_strikes_again, uniq_blork_the_orc
D:6:      layout_basic, nicolae_ossuary_entry_ruins, minmay_misc_feat_chi,
          grunt_ministairs_9, uniq_menkaure, uniq_duvessa, uniq_eustachio
D:7:      layout_rooms, minmay_temple_entry_overgrown, minmay_checkerbox
D:8:      minmay_octagon_keep, layout_basic,
          mainiacjoe_overflow_small_starburst, enter_bailey_3, uniq_pikel
D:9:      layout_cave_pods
D:10:     layout_grid_maze, erik_lair_island, uniq_maggie, uniq_fannar,
          uniq_nergalle, uniq_maurice
Temple:   nicolae_temple_bog_church
Lair:1:   hellmonk_destroyed_diamonds, layout_cave_pods
Lair:2:   layout_misc_corridors, nicolae_swamp_entry_splash_gauntlet,
          spider_nest_entry_a, chequers_serial_rivers_small_a

Skill      XL: |  1  2  3  4  5  6  7  8  9 10 11 12 13 |
---------------+----------------------------------------+-----
Short Blades   | 3 4 5 6 7 9 10 | 10.0
Dodging        | 2 3 4 5 6 8 10 11 13 14 | 14.0
Stealth        | 6 7 8 9 11 13 14 16 17 | 17.7
Fighting       | 3 4 5 6 8 9 |  9.8
Shields        | 2 3 4 5 |  5.0
Evocations     | 3 |  3.9
Throwing       | |  2.2

Action                     |  1- 3 |  4- 6 |  7- 9 | 10-12 | 13-15 || total
---------------------------+-------+-------+-------+-------+-------++-------
  Melee: Dagger            |    76 |   169 |   494 |  1027 |   212 ||  1978
         Punch             |       |       |     3 |       |       ||     3
         Short sword       |       |       |    16 |       |       ||    16
  Throw: Dart              |       |    24 |     5 |    11 |       ||    40
         Throwing net      |       |       |     2 |       |       ||     2
 Invoke: Call Merchant     |       |       |       |       |     2 ||     2
    Use: Scroll            |     6 |     5 |     6 |     7 |     2 ||    26
         Potion            |       |     5 |     4 |     2 |     1 ||    12
   Stab: Sleeping          |    18 |    17 |    23 |    54 |     9 ||   121
         Distracted        |       |     1 |     1 |     5 |       ||     7
         Held in net/web   |       |       |     1 |       |       ||     1
 Armour: Robe              |    12 |     8 |    35 |    47 |    11 ||   113
  Dodge: Dodged            |    34 |   112 |   241 |   550 |   115 ||  1052
  Block: Buckler           |       |       |    49 |   174 |    47 ||   270
